AoeStats
← Perimania

Marketplace

506210109Analyzed
1v1 RM · 21d ago on Sep 12, 2026· 88m 41s· 2 players
Game mode
Random Map
Map size
Tiny (2 player)
Population
200
Speed
Normal
Resources
Standard
Victory
Conquest
Starting age
Dark Age
Ending age
Imperial Age
RankedLock teamsTeams togetherTeam positionsShared explorationLock speedFull tech treeHidden civsTurbo modeCheats
Victory
Defeat
🇬🇧 Celts · United Kingdom
505
+16
🇺🇸 Romans · United States
497
-16
Perimania
5:00 Loom
9:27 Feudal Age
9:56 Double-Bit Axe
10:02 Man-at-Arms
14:07 Wheelbarrow
13:54 Gold Mining
16:44 Horse Collar
23:00 Castle Age
23:30 Scale Mail Armor
24:27 Coinage
24:05 Caravan
25:32 Hand Cart
25:50 Long Swordsman
26:31 Squires
26:42 Squires
27:32 Chain Mail Armor
29:28 Forging
31:12 Gold Shaft Mining
36:12 Bow Saw
38:41 Stone Mining
41:28 Imperial Age
41:34 Imperial Age
38:51 Town Watch
40:20 Masonry
41:50 Legionary
43:52 Iron Casting
44:09 Ballistics
43:43 Fletching
45:57 Capped Ram
46:06 Capped Ram
55:14 Blast Furnace
55:12 Town Patrol
56:32 Comitatenses
62:16 Conscription
61:56 Bodkin Arrow
64:35 Siege Ram
67:40 Elite Centurion
69:43 Redemption
70:20 Architecture
71:07 Coinage
70:56 Heavy Plow
76:32 Crop Rotation
77:01 Scale Barding Armor
83:21 Padded Archer Armor
84:26 Chemistry
83:17 Elite Skirmisher
85:41 Murder Holes
pampthehorn
0:28 Loom
11:53 Feudal Age
12:22 Town Watch
12:25 Double-Bit Axe
12:29 Arson
12:41 Horse Collar
13:55 Wheelbarrow
16:46 Gold Mining
18:48 Stone Mining
19:40 Man-at-Arms
24:43 Castle Age
24:13 Forging
24:04 Scale Mail Armor
25:29 Long Swordsman
25:55 Gambesons
26:58 Hand Cart
27:47 Iron Casting
27:55 Treadmill Crane
30:15 Gold Shaft Mining
30:19 Stone Shaft Mining
30:05 Masonry
34:31 Heated Shot
39:29 Ballistics
39:04 Murder Holes
45:37 Imperial Age
43:10 Town Patrol
43:27 Chain Mail Armor
43:03 Fletching
46:51 Stronghold
47:55 Capped Ram
55:24 Fletching
58:43 Siege Engineers
58:37 Bodkin Arrow
65:08 Hoardings
66:34 Chemistry
66:40 Blast Furnace
65:56 Chain Mail Armor
66:07 Heavy Scorpion
71:03 Plate Mail Armor
72:48 Onager
75:39 Siege Ram
77:23 Bow Saw
77:17 Heavy Plow
80:59 Furor Celtica
81:25 Hoardings
81:37 Elite Woad Raider
Connection lost

Rejoining the realm…

Still unreachable

The connection could not be restored.

Session expired

The server has moved on; the page needs a fresh start.